 Dungeon Crawl Stone Soup version 0.30-b1-2-g02819fbbbe (webtiles) character file.

Game seed: 14344812248899318417

27 doot the Insei (level 3, 0/30 HPs)
             Began as a Meteoran Wanderer on Aug 26, 2023.
             Was a Believer of Zin.
             Slain by a jackal (1 damage)
             ... on level 2 of the Dungeon.
             The game lasted 00:06:33 (773 turns).

doot the Insei (Meteoran Wanderer)                   Turns: 773, Time: 00:06:34

Health: 0/30       AC:  2    Str: 10    XL:     3   Next: 44%
Magic:  6/6        EV: 11    Int: 19    God:    Zin [**....]
Gold:   84         SH:  0    Dex: 13    Spells: 0/4 levels left

rFire   + . .        a - +0 dagger
rCold   + . .        (no shield)
rNeg    . . .        e - +0 robe
rPois   +            (no helmet)
rElec   +            (no cloak)
rCorr   +            (no gloves)
SInv    .            (no boots)
Will    .....        (no amulet)
Stlth   +            o - ring of flight
HPRegen 0.25/turn    (no ring)
MPRegen 0.10/turn

%: no passive effects
@: resistant, flying, hasted, glowing, very quick
A: sense surroundings 1, otherworldly, glowing, explore regen
a: Renounce Religion, Recite, Vitalisation, Donate Gold


You were on level 2 of the Dungeon.
You worshipped Zin.
Zin was pleased with you.
You visited 1 branch of the dungeon, and saw 2 of its levels.

You collected 93 gold pieces.
You donated 9 gold pieces to Zin.

Inventory:

Hand Weapons
 a - a +0 dagger (weapon)
Armour
 e - a +0 robe (worn)
Jewellery
 o - a ring of flight (left hand)
Scrolls
 d - a scroll of fog
 f - a scroll of fear
 h - a scroll of poison {unknown}
 i - a scroll of vulnerability {unknown}
 j - a scroll of summoning {unknown}
 k - a scroll of teleportation {unknown}
 l - a scroll of blinking {unknown}
 m - 2 scrolls of identify {unknown}
 n - a scroll of enchant weapon {unknown}
Potions
 b - a potion of haste


   Skills:
 + Level 2.3 Fighting
 + Level 1.1 Short Blades
 + Level 0.2 Dodging
 + Level 0.2 Stealth
 + Level 5.4 Unarmed Combat
 + Level 1.3 Spellcasting
 + Level 2.6 Conjurations
 + Level 1.2 Invocations


You couldn't memorise any spells.
You knew the following spells:

 Your Spells              Type           Power      Damage    Failure   Level
a - Foxfire               Conj/Fire      24%        2x1d5     11%         1
b - Hailstorm             Conj/Ice       6%         3d4       30%         3

Your spell library contained the following spells:

 Spells                   Type           Power      Damage    Failure   Level
 Sublimation of Blood     Necr           1%         N/A       26%         2
 Wereblood                Tmut           1%         N/A       26%         2
 Summon Hydra             Summ           0%         N/A       100%        7


Dungeon Overview and Level Annotations

Branches:
Dungeon (2/15) Zot: 432

Altars:
Zin


Innate Abilities, Weirdness & Mutations

You passively map a small area around you.
You are easily found by Zot.
You glow in the dark.
You regain HP and MP as you explore.


Message History

The jackal is moderately wounded.
The jackal bites you.
* * * LOW HITPOINT WARNING * * *
You closely miss the jackal.
The jackal is moderately wounded.
The jackal bites you.
* * * LOW HITPOINT WARNING * * *
You hit the jackal but do no damage.
The jackal is moderately wounded.
The jackal bites you but does no damage. x2
You hit the jackal but do no damage.
The jackal is moderately wounded.
The jackal bites you but does no damage.
You closely miss the jackal.
The jackal is moderately wounded.
The jackal bites you.
* * * LOW HITPOINT WARNING * * *
The jackal completely misses you.
You hit the jackal but do no damage. Your punch misses the jackal.
The jackal is moderately wounded.
You feel less wooden.
Your +0 robe unmelds from your body.
The jackal bites you but does no damage.
The jackal attacks as you move away! The jackal closely misses you.
Found 3 scrolls labelled JOMODU VISI.
The jackal bites you but does no damage.
The jackal attacks as you move away! The jackal bites you.
* * * LOW HITPOINT WARNING * * *
The jackal bites you.
* * * LOW HITPOINT WARNING * * *
You feel yourself speed up.
The jackal bites you but does no damage.
Okay, then.
You hit the jackal but do no damage.
The jackal is lightly wounded.
The jackal completely misses you.
You hit the jackal but do no damage.
The jackal is lightly wounded.
The jackal bites you.
You die...

, * , #.#.#. ..######.....
, * ........##... ,,, ,
...####.##### *** ####..#
#.# ,, ##....$....#.#### ,
##...## ,#......# * *
###.....#...###.##.# *
#######..h@....?.. ...##.#
*
#.......#......##.######.#
#.#####.##...#.##.# #.#
#.#####.####......# ##.#
#.##....# #$......# #..#
#.##.##.# #.......# #.##
#.#...#.# #.......# ###.#
#.......# #.......# #.†.#
###...### #.......# #.#.#


You could see a jackal.

Vanquished Creatures
  A dart slug (D:1)
  4 ball pythons (D:1)
  5 endoplasms
  2 goblins (D:2)
  A hobgoblin (D:2)
  2 jackals (D:2)
  3 bats
  A frilled lizard (D:1)
  2 kobolds (D:1)
  A rat (D:1)
22 creatures vanquished.

Vanquished Creatures (others)
  A foxfire (D:2)
  3 plants (D:1)
4 creatures vanquished.

Grand Total: 26 creatures vanquished

Notes
Turn   | Place    | Note
-------+----------+-------------------------------------------
     0 | D:1      | doot the Meteoran Wanderer began the quest for the Orb.
     0 | D:1      | doot set off with the following items: a +0 dagger, a
                  | potion of haste, a potion of curing, a scroll of fog, a +0
                  | robe, a scroll of fear; and the following spell memorised:
                  | Foxfire; and the following spells available to memorise:
                  | Hailstorm.
     0 | D:1      | Reached XP level 1. HP: 17/17 MP: 3/3
    85 | D:1      | Reached skill level 5 in Unarmed Combat
   108 | D:1      | Reached XP level 2. HP: 24/24 MP: 5/5
   185 | D:1      | Found a faded altar of an unknown god.
   191 | D:1      | Prayed at the altar of an unknown god.
   191 | D:1      | Became a worshipper of Zin the Law-Giver
   191 | D:1      | Reached * piety under Zin
   353 | D:1      | Reached XP level 3. HP: 9/29 MP: 6/6
   513 | D:2      | Reached ** piety under Zin
   551 | D:2      | Learned a level 3 spell: Hailstorm
   641 | D:2      | Reached skill level 1 in Short Blades
   741 | D:2      | HP: 1/29 [jackal (3)]
   762 | D:2      | HP: 2/45 [jackal (1)]
   770 | D:2      | HP: 1/30 [jackal (2)]
   773 | D:2      | Slain by a jackal

Illustrated notes

Levels and vault maps discovered:
D:1:      wander_arrival_peaceful_grave, layout_basic,
          ebering_ecumenical_altar_hall, serial_bayou_pond_c
D:2:      layout_loops_cross, serial_shops, nicolae_shop_statue_plus

Skill      XL: |  1  2  3 |
---------------+----------+-----
Unarmed Combat | 5 |  5.4
Short Blades   | 1 |  1.1
Fighting       | |  2.3
Dodging        | |  0.2
Stealth        | |  0.2
Spellcasting   | |  1.3
Conjurations   | |  2.6
Invocations    | |  1.2

Action                     || total
---------------------------++-------
  Melee: Dagger            ||   154
         Punch             ||     1
   Cast: Foxfire           ||     1
    Use: Potion            ||     4
 Armour: Robe              ||    47
         Skin              ||    21
  Dodge: Dodged            ||    70
